MID
BINGHAMTON METS @ SOUTH BEND CUBS
07/29/2044
 
TOP OF THE 1ST
Binghamton Mets batting - Pitching for South Bend Cubs : RHP Jean-Paul Lefebvre
Pitching: RHP Jean-Paul Lefebvre
Batting: LHB Elmo Dreier 0-0: Ball
1-0: Ball
2-0: Ground out U3 (Groundball, 34S, EV 84.4 MPH)
Batting: RHB Jose Copado 0-0: Ball
1-0: Called Strike
1-1: Ball
2-1: Reached on error, E5 (Groundball, 56S, EV 79.4 MPH)
Batting: SHB Alex Orozco 0-0: Called Strike
Jose Copado steals 2nd base
0-1: Fly out, F3 (Popup, 3L, EV 81.2 MPH)
Batting: LHB Nate Trahan 0-0: Ball
1-0: Ball
2-0: Called Strike
2-1: Ball
3-1: SINGLE (Line Drive, 78S, EV 96.2 MPH)
Jose Copado to third
Runner from 3rd tries for Home, SAFE, throw by LF to home
Batting: LHB Willie Cintron 0-0: Called Strike
0-1: SINGLE (Groundball, 34D, EV 98.8 MPH)
Nate Trahan to second
Runner from 2nd tries for 3rd, SAFE, throw by RF made at trailing runner, OUT! 9-6
Top of the 1st over - 1 run, 2 hits, 1 error, 1 left on base; Binghamton 1 - South Bend 0
BOTTOM OF THE 1ST
South Bend Cubs batting - Pitching for Binghamton Mets : LHP Andy Shearn
Pitching: LHP Andy Shearn
Batting: RHB Omar Novoa 0-0: Swinging Strike
0-1: Ball
1-1: Foul Ball, location: 2F
1-2: Strikes out swinging
Batting: LHB Bill Tardiff 0-0: Ground out 4-3 (Groundball, 4, EV 106.9 MPH)
Batting: RHB Jason Ostrom 0-0: Ball
1-0: Swinging Strike
1-1: Called Strike
1-2: Strikes out swinging
Bottom of the 1st over - 0 runs, 0 hits, 0 errors, 0 left on base; Binghamton 1 - South Bend 0
TOP OF THE 2ND
Binghamton Mets batting - Pitching for South Bend Cubs : RHP Jean-Paul Lefebvre
Batting: LHB Joel Soto 0-0: Called Strike
0-1: Ball
1-1: Ball
2-1: Ball
3-1: Foul Ball, location: 2F
3-2: Foul Ball, location: 2F
3-2: Foul Ball, location: 2F
3-2: SINGLE (Groundball, 6D, EV 98.8 MPH)
Pitching: RHP Daniel Sullivan
Batting: RHB Matt Skipper 0-0: Ball
1-0: Swinging Strike
1-1: Foul Ball, location: 2F
1-2: Fly out, F3 (Popup, 3F, EV 77.5 MPH)
Batting: RHB Jake Hansford 0-0: Called Strike
Joel Soto steals 2nd base
0-1: Foul Ball, location: 2F
0-2: Ball
1-2: Foul Ball, location: 2F
1-2: Ball
2-2: Ball
3-2: Foul Ball, location: 2F
3-2: SINGLE (Line Drive, 56D, EV 98.8 MPH)
Joel Soto to third
Runner from 3rd tries for Home, SAFE, throw by LF to home
Batting: RHB Bill Larsen 0-0: Called Strike
Jake Hansford steals 2nd base (no throw)
0-1: Fly out, F8 (Flyball, 8LM, EV 83.1 MPH)
Runner from 2nd tags up, SAFE at 3rd with throw by CF
Batting: LHB Elmo Dreier 0-0: Ball
1-0: Ground out 4-3 (Groundball, 4D, EV 88.8 MPH)
Top of the 2nd over - 1 run, 2 hits, 0 errors, 1 left on base; Binghamton 2 - South Bend 0
BOTTOM OF THE 2ND
South Bend Cubs batting - Pitching for Binghamton Mets : LHP Andy Shearn
Batting: LHB Mike DiNardo 0-0: Called Strike
0-1: Ball
1-1: Ball
2-1: Ball
3-1: Ground out 5-3 (Groundball, 5, EV 90.6 MPH)
Batting: RHB John Madden 0-0: Ball
1-0: Foul Ball, location: 2F
1-1: Foul Ball, location: 2F
1-2: Foul Ball, location: 2F
1-2: Ball
2-2: Ball
3-2: Base on Balls
Batting: SHB Benoît Morin 0-0: Foul Ball, location: 2F
0-1: SINGLE (Groundball, 34D, EV 94.4 MPH)
John Madden to second
Runner from 2nd tries for 3rd, SAFE, no throw by RF
Batting: LHB Shuan-yan Wu 0-0: Ball
1-0: Called Strike
1-1: Swinging Strike
1-2: Strikes out swinging
Batting: LHB Jim Polson 0-0: Swinging Strike
0-1: Ball
1-1: Ball
2-1: Ground out 6-3 (Groundball, 6S, EV 82.5 MPH)
Bottom of the 2nd over - 0 runs, 1 hit, 0 errors, 2 left on base; Binghamton 2 - South Bend 0
TOP OF THE 3RD
Binghamton Mets batting - Pitching for South Bend Cubs : RHP Daniel Sullivan
Batting: RHB Jose Copado 0-0: Ball
1-0: Foul Ball, location: 2F
1-1: Foul Ball, location: 2F
1-2: SINGLE (Groundball, 56, EV 108.1 MPH) (infield hit)
Pitching: LHP Andres Lobato
Batting: SHB Alex Orozco 0-0: Ball
1-0: Ball
2-0: Called Strike
2-1: Called Strike
2-2: DOUBLE (Line Drive, 8RD, EV 94.4 MPH)
Jose Copado to third
Batting: LHB Nate Trahan 0-0: Ball
1-0: Called Strike
1-1: Foul Ball, location: 2F
1-2: Ball
2-2: Ball
3-2: Ground out 3-1 (Groundball, 13, EV 86.9 MPH)
Jose Copado scores
Alex Orozco to third
Batting: LHB Willie Cintron 0-0: SINGLE (Groundball, 4M, EV 102.5 MPH) (infield hit)
Alex Orozco scores
Batting: LHB Joel Soto 0-0: Ball
Wild Pitch!
Willie Cintron to second
1-0: Ball
2-0: Foul Ball, location: 2F
2-1: Swinging Strike
2-2: Reached on error, E1 (Groundball, 25, EV 73.1 MPH)
Willie Cintron to third
Batting: RHB Matt Skipper 0-0: Called Strike
0-1: Called Strike
0-2: Fielders Choice at 2nd, 5-4 (Groundball, 56, EV 101.9 MPH)
Willie Cintron scores
Pitching: RHP Eric Allen
Batting: RHB Jake Hansford 0-0: Fly out, F8 (Flyball, 8LS, EV 81.2 MPH)
Top of the 3rd over - 3 runs, 3 hits, 1 error, 1 left on base; Binghamton 5 - South Bend 0
BOTTOM OF THE 3RD
South Bend Cubs batting - Pitching for Binghamton Mets : LHP Andy Shearn
Batting: SHB Alvaro Andrade 0-0: Called Strike
0-1: Called Strike
0-2: Ball
1-2: Ball
2-2: Ball
3-2: Strikes out swinging
Batting: RHB Omar Novoa 0-0: Ball
1-0: Called Strike
1-1: Ball
2-1: SINGLE (Groundball, 25, EV 71.9 MPH) (infield hit)
Batting: LHB Bill Tardiff 0-0: Ball
1-0: Foul Ball, location: 2F
1-1: Fly out, F4 (Popup, 4, EV 78.1 MPH)
Batting: RHB Jason Ostrom 0-0: Called Strike
0-1: Swinging Strike
0-2: Ball
Omar Novoa steals 2nd base (no throw)
1-2: Foul Ball, location: 2F
1-2: Ball
2-2: Ball
3-2: Ground out U3 (Groundball, 3, EV 88.1 MPH)
Bottom of the 3rd over - 0 runs, 1 hit, 0 errors, 1 left on base; Binghamton 5 - South Bend 0
TOP OF THE 4TH
Binghamton Mets batting - Pitching for South Bend Cubs : RHP Eric Allen
Batting: RHB Bill Larsen 0-0: Called Strike
0-1: Ball
1-1: Swinging Strike
1-2: Ball
2-2: Foul Ball, location: 2F
2-2: Ground out 6-3 (Groundball, 6, EV 89.4 MPH)
Batting: LHB Elmo Dreier 0-0: Fly out, F8 (Flyball, 8LD, EV 87.5 MPH)
Batting: RHB Jose Copado 0-0: Called Strike
0-1: SINGLE (Line Drive, 7LS, EV 100.6 MPH)
Batting: SHB Alex Orozco 0-0: Called Strike
0-1: Ball
1-1: Foul Ball, location: 2F
1-2: 2-RUN HOME RUN (Flyball, 9D, EV 111.2 MPH), Distance : 408 ft
Batting: LHB Nate Trahan 0-0: Called Strike
0-1: SINGLE (Flyball, 78S, EV 90.0 MPH)
Batting: LHB Willie Cintron 0-0: Swinging Strike
0-1: Ball
1-1: Ball
2-1: Ball
3-1: Base on Balls
Nate Trahan to second
Batting: LHB Joel Soto 0-0: Ball
1-0: Ball
2-0: Ball
3-0: Called Strike
3-1: Foul Ball, location: 2F
3-2: Foul Ball, location: 2F
3-2: Base on Balls
Nate Trahan to third
Willie Cintron to second
Batting: RHB Matt Skipper 0-0: Called Strike
0-1: Ball
1-1: Ball
2-1: Ball
3-1: Base on Balls
Nate Trahan scores
Willie Cintron to third
Joel Soto to second
Batting: RHB Jake Hansford 0-0: Ball
1-0: Ball
2-0: Ground out 6-3 (Groundball, 6MS, EV 80.6 MPH)
Top of the 4th over - 3 runs, 3 hits, 0 errors, 3 left on base; Binghamton 8 - South Bend 0
BOTTOM OF THE 4TH
South Bend Cubs batting - Pitching for Binghamton Mets : LHP Andy Shearn
Batting: LHB Mike DiNardo 0-0: Ball
1-0: Swinging Strike
1-1: Ground out 4-3 (Groundball, 4, EV 89.4 MPH)
Batting: RHB John Madden 0-0: Called Strike
0-1: Ball
1-1: Ball
2-1: Called Strike
2-2: Ball
3-2: Base on Balls
Batting: SHB Benoît Morin 0-0: Ball
1-0: Foul Ball, location: 2F
1-1: Grounds into double play, 5-4-3 (Groundball, 56, EV 105.0 MPH)
Bottom of the 4th over - 0 runs, 0 hits, 0 errors, 0 left on base; Binghamton 8 - South Bend 0
TOP OF THE 5TH
Binghamton Mets batting - Pitching for South Bend Cubs : RHP Eric Allen
Batting: RHB Bill Larsen 0-0: Foul Ball, location: 2F
0-1: Swinging Strike
0-2: SINGLE (Flyball, 56D, EV 88.1 MPH)
Batting: LHB Elmo Dreier 0-0: Ball
1-0: Ball
2-0: Ball
3-0: Base on Balls
Bill Larsen to second
Batting: RHB Jose Copado 0-0: Ball
1-0: Ball
2-0: Swinging Strike
2-1: Foul Ball, location: 2F
2-2: Ball
3-2: SINGLE (Flyball, 89S, EV 88.8 MPH)
Bill Larsen to third
Elmo Dreier to second
Batting: SHB Alex Orozco 0-0: Ball
1-0: Foul Ball, location: 2F
1-1: Foul Ball, location: 2F
1-2: DOUBLE (Line Drive, 9LS, EV 110.0 MPH)
Bill Larsen scores
Elmo Dreier scores
Jose Copado to third
Pitching: LHP Andy Bordeaux
Batting: LHB Nate Trahan 0-0: Called Strike
0-1: Ball
1-1: Ball
2-1: Called Strike
2-2: Ball
3-2: Base on Balls
Batting: LHB Willie Cintron 0-0: Ball
1-0: Foul Ball, location: 2F
1-1: Called Strike
1-2: Grounds into double play, 4-6-3 (Groundball, 4, EV 76.9 MPH)
Jose Copado scores
Alex Orozco to third
Batting: LHB Joel Soto 0-0: Ball
1-0: Foul Ball, location: 2F
1-1: Called Strike
1-2: Fly out, F8 (Flyball, 8LM, EV 92.5 MPH)
Top of the 5th over - 3 runs, 3 hits, 0 errors, 1 left on base; Binghamton 11 - South Bend 0
BOTTOM OF THE 5TH
South Bend Cubs batting - Pitching for Binghamton Mets : LHP Andy Shearn
Batting: LHB Shuan-yan Wu 0-0: Ball
1-0: Ground out U3 (Groundball, 3, EV 100.6 MPH)
Batting: LHB Jim Polson 0-0: Ground out U3 (Groundball, 3S, EV 82.5 MPH)
Batting: SHB Alvaro Andrade 0-0: Ball
1-0: Ball
2-0: Ground out U3 (Groundball, 34, EV 105.0 MPH)
Bottom of the 5th over - 0 runs, 0 hits, 0 errors, 0 left on base; Binghamton 11 - South Bend 0
TOP OF THE 6TH
Binghamton Mets batting - Pitching for South Bend Cubs : LHP Andy Bordeaux
Batting: RHB Matt Skipper 0-0: Ball
1-0: Called Strike
1-1: Ball
2-1: DOUBLE (Line Drive, 9LS, EV 87.5 MPH)
Pitching: RHP Mike Savage
Batting: RHB Jake Hansford 0-0: Ground out 5-3 (Groundball, 25, EV 76.9 MPH)
Batting: RHB Bill Larsen Balk!
Matt Skipper to third
0-0: Ball
1-0: Ball
2-0: Ground out 6-3 (Groundball, 6, EV 88.8 MPH)
Matt Skipper scores
Batting: LHB Elmo Dreier 0-0: DOUBLE (Groundball, 3L, EV 104.4 MPH)
Batting: RHB Jose Copado 0-0: Ball
Wild Pitch!
Elmo Dreier to third
1-0: Ground out 6-3 (Groundball, 6, EV 90.0 MPH)
Top of the 6th over - 1 run, 2 hits, 0 errors, 1 left on base; Binghamton 12 - South Bend 0
BOTTOM OF THE 6TH
South Bend Cubs batting - Pitching for Binghamton Mets : LHP Andy Shearn
Batting: RHB Omar Novoa 0-0: Ball
1-0: Foul Ball, location: 2F
1-1: Ball
2-1: Foul Ball, location: 2F
2-2: SOLO HOME RUN (Flyball, 78XD, EV 99.4 MPH), Distance : 411 ft
Batting: LHB Bill Tardiff 0-0: Called Strike
0-1: Fly out, F7 (Flyball, 7LS, EV 91.9 MPH)
Batting: RHB Jason Ostrom 0-0: Called Strike
0-1: Ball
1-1: Foul Ball, location: 2F
1-2: Ball
2-2: Foul Ball, location: 2F
2-2: Foul Ball, location: 2F
2-2: Ball
3-2: Foul Ball, location: 2F
3-2: Base on Balls
Batting: LHB Mike DiNardo 0-0: Ground out 3-1 (Groundball, 34S, EV 89.4 MPH)
Jason Ostrom to second
Batting: RHB John Madden 0-0: Ground out U3 (Groundball, 34S, EV 77.5 MPH)
Bottom of the 6th over - 1 run, 1 hit, 0 errors, 1 left on base; Binghamton 12 - South Bend 1
TOP OF THE 7TH
Binghamton Mets batting - Pitching for South Bend Cubs : RHP Mike Savage
Batting: SHB Alex Orozco 0-0: Called Strike
0-1: Fly out, F7 (Flyball, 78S, EV 91.2 MPH)
Batting: LHB Nate Trahan 0-0: SINGLE (Groundball, 6MD, EV 96.9 MPH)
Batting: LHB Willie Cintron 0-0: Called Strike
0-1: Foul Ball, location: 2F
0-2: Ball
1-2: Ball
2-2: Fly out, F4 (Flyball, 34D, EV 83.8 MPH)
Batting: LHB Joel Soto 0-0: Ball
1-0: Called Strike
1-1: Ball
2-1: Foul Ball, location: 2F
2-2: Ball
3-2: Base on Balls
Nate Trahan to second
Pitching: RHP Jason Scott
Batting: RHB Matt Skipper 0-0: Ground out 5-3 (Groundball, 5D, EV 103.1 MPH)
Top of the 7th over - 0 runs, 1 hit, 0 errors, 2 left on base; Binghamton 12 - South Bend 1
BOTTOM OF THE 7TH
South Bend Cubs batting - Pitching for Binghamton Mets : LHP Andy Shearn
Batting: SHB Benoît Morin 0-0: Called Strike
0-1: SINGLE (Line Drive, 8RS, EV 103.8 MPH)
Batting: LHB Shuan-yan Wu 0-0: Ball
1-0: Ball
2-0: Called Strike
2-1: SINGLE (Groundball, 4D, EV 102.5 MPH)
Benoît Morin to second
Batting: LHB Jim Polson 0-0: Ball
1-0: Ball
2-0: Fly out, F9 (Flyball, 9LM, EV 97.5 MPH)
Runner from 2nd tags up, SAFE at 3rd, no throw by RF
Batting: SHB Alvaro Andrade 0-0: Ball
1-0: Grounds into double play, 5-4-3 (Groundball, 5, EV 84.4 MPH)
Bottom of the 7th over - 0 runs, 2 hits, 0 errors, 1 left on base; Binghamton 12 - South Bend 1
TOP OF THE 8TH
Binghamton Mets batting - Pitching for South Bend Cubs : RHP Jason Scott
Batting: RHB Jake Hansford 0-0: Called Strike
0-1: Swinging Strike
0-2: Foul Ball, location: 2F
0-2: Strikes out swinging
Batting: RHB Bill Larsen 0-0: Ball
1-0: Foul Ball, location: 2F
1-1: Called Strike
1-2: SINGLE (Groundball, 5S, EV 71.2 MPH) (infield hit)
Batting: LHB Elmo Dreier 0-0: Ball
1-0: SINGLE (Line Drive, 78M, EV 91.2 MPH)
Bill Larsen to second
Batting: RHB Jose Copado 0-0: Ball
1-0: Ball
Passed Ball!
Bill Larsen to third
Elmo Dreier to second
2-0: Called Strike
2-1: Foul Ball, location: 2F
2-2: Fly out, F8 (Line Drive, 8LD, EV 90.0 MPH)
Runner from 3rd tags up, OUT at HOME! 8-2
Top of the 8th over - 0 runs, 2 hits, 0 errors, 1 left on base; Binghamton 12 - South Bend 1
BOTTOM OF THE 8TH
South Bend Cubs batting - Pitching for Binghamton Mets : LHP Andy Shearn
Pitching: LHP Matt Allert
Batting: RHB Omar Novoa 0-0: Foul Ball, location: 2F
0-1: Ball
1-1: Hit by Pitch
Batting: LHB Bill Tardiff 0-0: Ball
1-0: Called Strike
1-1: Called Strike
1-2: Ball
2-2: Ball
3-2: Fly out, F5 (Popup, 25, EV 84.4 MPH)
Batting: RHB Jason Ostrom 0-0: Ball
1-0: DOUBLE (Groundball, 3L, EV 103.8 MPH)
Omar Novoa to third
Runner from 3rd tries for Home, throw by RF and OUT! 9-4-2
Runner from 2nd tries for 3rd, throw by C and SAFE!
Batting: LHB Mike DiNardo 0-0: Ball
1-0: Called Strike
1-1: Ball
2-1: Called Strike
2-2: Foul Ball, location: 2F
2-2: Ground out U3 (Groundball, 3, EV 76.2 MPH)
Bottom of the 8th over - 0 runs, 1 hit, 0 errors, 1 left on base; Binghamton 12 - South Bend 1
TOP OF THE 9TH
Binghamton Mets batting - Pitching for South Bend Cubs : RHP Jason Scott
Batting: SHB Alex Orozco 0-0: Ball
1-0: Called Strike
1-1: Foul Ball, location: 2F
1-2: Foul Ball, location: 2F
1-2: Foul Ball, location: 2F
1-2: Foul Ball, location: 2F
1-2: Ground out 4-3 (Groundball, 4, EV 100.0 MPH)
Pitching: LHP Jose Carrillo
Batting: LHB Nate Trahan 0-0: Ball
1-0: Called Strike
1-1: Swinging Strike
1-2: Ball
2-2: Strikes out swinging
Batting: LHB Willie Cintron 0-0: Ball
1-0: Foul Ball, location: 2F
1-1: Swinging Strike
1-2: Foul Ball, location: 2F
1-2: Strikes out swinging
Top of the 9th over - 0 runs, 0 hits, 0 errors, 0 left on base; Binghamton 12 - South Bend 1
BOTTOM OF THE 9TH
South Bend Cubs batting - Pitching for Binghamton Mets : LHP Matt Allert
Batting: RHB John Madden 0-0: Ball
1-0: Called Strike
1-1: Ground out 4-3 (Groundball, 6M, EV 108.8 MPH)
Batting: SHB Benoît Morin 0-0: Called Strike
0-1: Ground out 4-3 (Groundball, 4, EV 85.6 MPH)
Batting: LHB Shuan-yan Wu 0-0: Ball
1-0: Called Strike
1-1: Ball
2-1: Foul Ball, location: 2F
2-2: Ball
3-2: Foul Ball, location: 2F
3-2: Base on Balls
Batting: LHB Jim Polson 0-0: Called Strike
0-1: Called Strike
0-2: Strikes out looking
Bottom of the 9th over - 0 runs, 0 hits, 0 errors, 1 left on base; Binghamton 12 - South Bend 1
Thursday, March 31st , 2022 - OOTP Baseball 22.12 Build 89